 Dungeon Crawl Stone Soup version 0.19-a0-1922-g1e9a4c1 (webtiles) character file.

13013 suicidejoker the Quickloader (level 11, -18/97 HPs)
             Began as a Minotaur Hunter on Oct 25, 2016.
             Was a High Priest of Cheibriados.
             Demolished by a death knight
             ... wielding a +4 vampiric battleaxe
              (22 damage)
             ... on level 11 of the Dungeon.
             The game lasted 00:42:02 (11702 turns).

suicidejoker the Quickloader (Minotaur Hunter)     Turns: 11702, Time: 00:42:04

Health: -18/97     AC: 15    Str: 37    XL:     11   Next: 70%
Magic:  15/23      EV: 18    Int: 19    God:    Cheibriados [*****.]
Gold:   244        SH:  0    Dex: 21    Spells: 0 memorised, 10 levels left

rFire  + . .     SeeInvis .     F - +1 arbalest
rCold  x . .     Gourm    .     S - +1 scale mail of Twilight {MR- rCorr Dex-2 Slay+4}
rNeg   . . .     Faith    .     (shield currently unavailable)
rPois  .         Spirit   .     (helmet unavailable)
rElec  .         Reflect  .     (no cloak)
rCorr  +         Harm     .     p - +1 pair of gloves
MR     .....                    n - +0 pair of boots
Stlth  +.........               (no amulet)
                                r - ring of fire
                                N - ring of magical power

@: mighty, vulnerable, very slow
A: retaliatory headbutt, fangs 1, hooves 1, horns 3, slimy green scales 1,
strong 1, wild magic 1
a: Bend Time, Temporal Distortion, Slouch, Step From Time, Renounce Religion


You were on level 11 of the Dungeon.
You worshipped Cheibriados.
Cheibriados was extremely pleased with you.
You were near starving.

You visited 2 branches of the dungeon, and saw 12 of its levels.

You collected 382 gold pieces.
You spent 138 gold pieces at shops.

Inventory:

Hand Weapons
 a - a +1 shortbow
 b - a +2 short sword of protection
 d - a +0 vampiric hand axe
 u - a +0 blowgun
 x - a +0 hunting sling
 A - the +2 quarterstaff "Capteu" {freeze, +Rage rElec rPois}
   (You found it on level 6 of the Dungeon)

   It has been specially enchanted to freeze those struck by it, causing extra
   injury to most foes and up to half again as much damage against particularly
   susceptible opponents.
   It can also slow down cold-blooded creatures.
   It insulates you from electricity.
   It protects you from poison.
   It lets you go berserk.
 F - a +1 arbalest (weapon)
 M - a +4 dagger of venom
 Y - a +2 flail of protection
Missiles
 c - 238 arrows
 t - 22 bolts (quivered)
 y - 327 stones
 C - 49 sling bullets
 J - 20 poisoned needles
 L - 14 tomahawks
Armour
 n - a +0 pair of boots (worn)
 p - a +1 pair of gloves (worn)
 z - a +0 plate armour
 H - a +0 shield of reflection
 S - the +1 scale mail of Twilight (worn) {MR- rCorr Dex-2 Slay+4}
   (You took it off an orc on level 8 of the Dungeon)

   It affects your dexterity (-2).
   It affects your accuracy and damage with ranged weapons and melee attacks
   (+4).
   It affects your resistance to hostile enchantments.
   It protects you from acid and corrosion.
Jewellery
 q - an uncursed ring of wizardry
 r - a ring of fire (right hand)
 B - a +2 ring of intelligence
 D - an uncursed ring of flight
 N - a ring of magical power (left hand)
Wands
 I - a wand of flame (18/48)
 Q - a wand of slowing (17/48)
 U - a wand of polymorph (5/24)
 W - a wand of enslavement (2/24)
 X - a wand of acid (12/15)
Scrolls
 h - a scroll of teleportation
 k - a scroll of silence
 l - 2 scrolls of magic mapping
 E - a scroll of enchant weapon
 G - a scroll of noise
 K - 4 scrolls of remove curse
 Z - a scroll of fog
Potions
 e - a potion of might
 g - 5 potions of curing
 i - a potion of agility {unknown}
 s - a potion of brilliance {unknown}
 v - a potion of degeneration {unknown}
 w - 3 potions of flight {unknown}
 O - a potion of cure mutation {unknown}
Comestibles
 f - 7 bread rations
 j - 11 fruits
 m - 6 beef jerkies
 o - 2 meat rations
 R - 8 slices of pizza


   Skills:
 + Level 9.2 Fighting
 - Level 0.4 Short Blades
 + Level 4.4 Maces & Flails
 - Level 8.3 Bows
 * Level 10.8 Crossbows
 - Level 1.2 Throwing
 + Level 8.4 Armour
 + Level 8.3 Dodging
 - Level 0.8 Stealth
 + Level 6.5 Invocations


You had 10 spell levels left.
You didn't know any spells.

Dungeon Overview and Level Annotations

Branches:
Dungeon (11/15)            Temple (1/1) D:4            Lair (0/6) D:10
    Orc: D:9-12

Altars:
Ashenzari
Cheibriados
Dithmenos
Elyvilon
Fedhas
Gozag
Hepliaklqana
Kikubaaqudgha
Makhleb
Nemelex Xobeh
Okawaru
Qazlal
Ru
Sif Muna
Trog
Uskayaw
Vehumet
Xom
Yredelemnul
Zin
The Shining One

Shops:
D:4 (   D:5 ?   D:6 !   D:7 [   D:8 [

Annotations:
D:11 Snorg


Innate Abilities, Weirdness & Mutations

You reflexively headbutt those who attack you in melee.
You have a pair of large horns on your head.
You have very sharp teeth.
You have large cloven feet.
You are partially covered in slimy green scales. (AC +2)
Your muscles are strong. (Str +2)
Your spells are a little harder to cast, but a little more powerful.


Message History

You shoot a bolt.
Snorg shouts!
The bolt hits the death knight!
The death knight is severely wounded.
The death knight reflects your damage back at you!
* * * LOW HITPOINT WARNING * * *
The quasit bites you but does no damage.
The quasit misses you. The quasit completely misses you.
The death knight hits you with a vampiric battleaxe!!
* * * LOW HITPOINT WARNING * * *
The quasit closely misses you. The quasit barely misses you.
The quasit misses you.
An orc warrior and a skeletal warrior come into view.
Okay, then.
Okay, then.
Okay, then.
You fail to use your ability.
The orc warrior shouts!
The death knight hits you with a vampiric battleaxe!!
You die...

##..#
#....###
##..## #....#
##..## #....#
##..## #.###.
##..## #.. #
#..## #[#
#..## #.
#...######
#.@........
#p5........
#o..........
#†..###......
.z..## ###...
o(T.# ###
#(... ##...


You could see Snorg, a death knight, a skeletal warrior, an orc warrior, a
quasit and an orc.

Vanquished Creatures
  The ghost of Sestren413 the Grappler, a journeyman DrTm of Okawaru (D:11)
  A tengu warrior (D:11)
  Pikel (D:7)
  A phantasmal warrior (D:11)
  An ugly thing (D:11)
  Joseph (D:7)
  2 gargoyles
  A freezing wraith (D:11)
  3 komodo dragons
  Prince Ribbit (D:9)
  A two-headed ogre (D:11)
  3 hippogriffs
  2 wyverns
  4 yaks (D:10)
  4 hogs (D:7)
  A human (D:7)
  2 hungry ghosts (D:8)
  4 vampire mosquitoes (D:11)
  A water moccasin (D:9)
  3 orc warriors (D:6)
  3 sky beasts
  A black bear (D:8)
  An ice beast (D:5)
  2 slaves (D:7)
  2 phantoms (D:4)
  2 necrophages
  2 ogres
  8 centaurs
  2 crocodiles
  The ghost of pokedragonboy the Chiller, an amateur DEIE (D:4)
  4 bullfrogs
  2 big kobolds
  2 scorpions
  7 killer bees
  4 wights (D:9)
  3 howler monkeys
  4 crimson imps
  4 bullfrog zombies
  A centaur zombie (D:6)
  A quasit (D:7)
  7 hounds
  4 jellies
  4 bullfrog skeletons
  12 orc wizards
  Crazy Yiuf (D:7)
  7 orc priests
  7 iguanas
  Terence (D:2)
  Ijyb (D:2)
  6 worker ants
  A hound zombie (D:5)
  A hound skeleton (D:6)
  Robin (D:2)
  A howler monkey zombie (D:11)
  3 gnolls (D:4)
  7 adders
  An ooze (D:3)
  An adder zombie (D:9)
  An adder skeleton (D:5)
  4 worms
  4 leopard geckos
  43 orcs
  9 giant cockroaches
  14 goblins
  10 hobgoblins
  9 jackals
  11 kobolds
  4 quokkas
  5 bats
  3 frilled lizards
  A leopard gecko skeleton (D:6)
  7 rats
285 creatures vanquished.

Vanquished Creatures (others)
  An ice beast (D:7)
  A centaur skeleton (D:7)
  An adder (D:7)
  A quokka (D:7)
  A plant (D:10)
5 creatures vanquished.

Grand Total: 290 creatures vanquished

Notes
Turn   | Place    | Note
-------+----------+-------------------------------------------
     0 | D:1      | suicidejoker the Minotaur Hunter began the quest for the Orb.
     0 | D:1      | Reached XP level 1. HP: 18/18 MP: 0/0
   104 | D:1      | Reached XP level 2. HP: 24/25 MP: 1/1
   124 | D:1      | Reached skill level 5 in Bows
   521 | D:2      | Reached XP level 3. HP: 30/30 MP: 2/2
   663 | D:2      | Found a white marble altar of Elyvilon.
   684 | D:2      | Noticed Terence
   699 | D:2      | Killed Terence
   729 | D:2      | Found a stormy altar of Qazlal.
   736 | D:2      | Reached XP level 4. HP: 34/37 MP: 3/3
   763 | D:2      | Found a hide-covered altar of Uskayaw.
   769 | D:2      | Noticed a hand axe
   770 | D:2      | Noticed a dagger
   801 | D:2      | Noticed Ijyb
   813 | D:2      | Killed Ijyb
   900 | D:2      | Noticed Robin
   915 | D:2      | Killed Robin
  1360 | D:3      | Reached XP level 5. HP: 45/45 MP: 4/4
  1877 | D:4      | Found Baakher's Weapon Emporium.
  1910 | D:4      | Noticed a phantom
  2117 | D:4      | Reached skill level 1 in Armour
  2117 | D:4      | Reached XP level 6. HP: 51/51 MP: 5/5
  2139 | D:4      | Found a staircase to the Ecumenical Temple.
  2143 | Temple   | Entered the Ecumenical Temple
  2195 | Temple   | Became a worshipper of Cheibriados the Contemplative
  2361 | D:4      | Bought a +0 arbalest for 58 gold pieces
  2557 | D:4      | Noticed pokedragonboy's ghost (amateur DEIE)
  2576 | D:4      | Killed pokedragonboy's ghost
  2576 | D:4      | Reached skill level 1 in Throwing
  2576 | D:4      | Reached XP level 7. HP: 13/59 MP: 6/6
  3122 | D:4      | Reached skill level 1 in Crossbows
  3540 | D:4      | Reached * piety under Cheibriados
  3540 | D:4      | Reached skill level 2 in Crossbows
  3540 | D:4      | Reached skill level 1 in Invocations
  3663 | D:5      | Entered Level 5 of the Dungeon
  4119 | D:5      | Reached skill level 3 in Crossbows
  4313 | D:5      | Reached XP level 8. HP: 67/67 MP: 8/8
  4477 | D:5      | Reached ** piety under Cheibriados
  4596 | D:5      | Found Quetzuif's Magic Scroll Emporium.
  4688 | D:5      | Reached skill level 4 in Crossbows
  4925 | D:5      | Reached skill level 5 in Fighting
  4930 | D:5      | Gained mutation: You have large cloven feet. [mutagenic meat]
  4984 | D:6      | Noticed a hippogriff
  4996 | D:6      | Killed a hippogriff
  5192 | D:6      | Reached skill level 5 in Crossbows
  5208 | D:6      | Found an ancient bone altar of Kikubaaqudgha.
  5249 | D:6      | Found a sacrificial altar of Ru.
  5257 | D:6      | Found Wifyagic's Distillery.
  5265 | D:6      | Bought a potion of heal wounds for 50 gold pieces
  5265 | D:6      | Bought a potion of curing for 30 gold pieces
  5284 | D:6      | Reached skill level 5 in Dodging
  5346 | D:6      | Reached *** piety under Cheibriados
  5346 | D:6      | Reached XP level 9. HP: 32/74 MP: 10/10
  5410 | D:6      | Found a glowing golden altar of the Shining One.
  5779 | D:6      | Got an encrusted quarterstaff
  5780 | D:6      | Identified the +2 quarterstaff "Capteu" {freeze, +Rage rElec rPois} (You found it on level 6 of the Dungeon)
  5866 | D:6      | Found a shadowy altar of Dithmenos.
  6031 | D:6      | Reached skill level 6 in Crossbows
  6205 | D:6      | Reached skill level 5 in Armour
  6251 | D:6      | Found a glowing silver altar of Zin.
  7069 | D:7      | Noticed Joseph
  7069 | D:7      | Reached **** piety under Cheibriados
  7076 | D:7      | Killed Joseph
  7076 | D:7      | Reached skill level 7 in Crossbows
  7118 | D:7      | Found a runed door.
  7134 | D:7      | Found Lupeohegh's Armour Boutique.
  7180 | D:7      | Noticed Crazy Yiuf
  7182 | D:7      | Killed Crazy Yiuf
  7238 | D:7      | Noticed Pikel
  7272 | D:7      | Killed Pikel
  7550 | D:7      | Reached XP level 10. HP: 86/86 MP: 12/12
  7552 | D:7      | Reached skill level 8 in Crossbows
  7973 | D:8      | Found a hazy altar of Hepliaklqana.
  8013 | D:8      | Gained mutation: You have very sharp teeth. [mutagenic meat]
  8014 | D:8      | Gained mutation: Your magical capacity is low. (-10% MP) [mutagenic meat]
  8015 | D:8      | Gained mutation: Your spells are a little harder to cast, but a little more powerful. [mutagenic meat]
  8016 | D:8      | Lost mutation: Your magical capacity is low. (-10% MP) [mutagenic meat]
  8018 | D:8      | Gained mutation: You have a pair of large horns on your head. [mutagenic meat]
  8186 | D:8      | Reached skill level 5 in Invocations
  8410 | D:8      | Found Umedooz's Antique Armour Shop.
  8719 | D:8      | Got a bloodstained scale mail
  8730 | D:8      | Identified the +1 scale mail of Twilight {MR- rCorr Dex-2 Slay+4} (You took it off an orc on level 8 of the Dungeon)
  8741 | D:9      | Noticed a gargoyle
  8744 | D:9      | Killed a gargoyle
  8744 | D:9      | Reached skill level 9 in Crossbows
  8862 | D:9      | Reached skill level 1 in Maces & Flails
  8983 | D:9      | Found a blossoming altar of Fedhas.
  9393 | D:9      | Reached ***** piety under Cheibriados
  9456 | D:9      | Noticed Prince Ribbit
  9463 | D:9      | Killed Prince Ribbit
  9634 | D:9      | Found an iron altar of Okawaru.
  9768 | D:10     | Entered Level 10 of the Dungeon
  9809 | D:10     | Reached XP level 11. HP: 92/94 MP: 14/14
  9909 | D:10     | Found a staircase to the Lair.
 10397 | D:10     | Reached skill level 10 in Crossbows
 11084 | D:11     | Noticed Sestren413's ghost (journeyman DrTm)
 11096 | D:11     | Killed Sestren413's ghost
 11427 | D:11     | Noticed a red ugly thing
 11431 | D:11     | Killed a red ugly thing
 11439 | D:11     | Gained mutation: Your muscles are strong. (Str +2) [mutagenic meat]
 11440 | D:11     | Gained mutation: You are partially covered in slimy green scales. (AC +2) [mutagenic meat]
 11452 | D:11     | Noticed a tengu warrior
 11469 | D:11     | Killed a tengu warrior
 11693 | D:11     | Noticed a phantasmal warrior
 11694 | D:11     | Noticed a death knight
 11695 | D:11     | Killed a phantasmal warrior
 11701 | D:11     | Noticed Snorg
 11701 | D:11     | HP: 4/97 [death knight/vampiric battleaxe (20)]
 11702 | D:11     | Noticed a skeletal warrior
 11702 | D:11     | Demolished by a death knight

Vault maps used:
D:1:      saegor_arrival_simple_a
D:2:      dancing_weapons_uskayaw, elyvilon_altar_5, grunt_decor_cap,
          nicolae_qazlal_general_emergency, uniq_iyjb, uniq_terence, uniq_robin
D:3:      first_bread, hangedman_decor_points
D:4:      serial_shops, nicolae_shop_window_shopping, minmay_misc_feat_encased
D:5:      serial_shops, nicolae_shop_crystal
D:6:      kiku_gazebo_pond_becter, kennysheep_mini_moat,
          nicolae_dithmenos_the_darkroom, overflow_temple_1_default,
          old_standard_altar, serial_shops, shop
D:7:      serial_shops, nicolae_shop_temple_entry_statues_fountains,
          grunt_livestock, uniq_joseph, uniq_crazy_yiuf_cottage, uniq_pikel
D:8:      lemuel_doored_altar, serial_shops, shop
D:9:      fedhas_bush_and_centaur_altar, marbit_many_paths, uniq_prince_ribbit1
D:10:     david_lair_shrubbed
D:11:     uniq_snorg
Temple:   eino_wide_crystal_templ

Skill      XL: |  1  2  3  4  5  6  7  8  9 10 11 |
---------------+----------------------------------+-----
Bows           | 5 6 7 8 |  8.3
Fighting       | 3 4 5 7 8 9 |  9.2
Armour         | 1 3 4 6 7 8 |  8.4
Throwing       | 1 |  1.2
Crossbows      | 3 5 7 9 10 | 10.8
Invocations    | 1 3 4 5 6 |  6.5
Dodging        | 3 5 6 7 8 |  8.3
Maces & Flails | 2 4 |  4.4
Short Blades   | |  0.4
Stealth        | |  0.8

Action                   |  1- 3 |  4- 6 |  7- 9 | 10-12 || total
-------------------------+-------+-------+-------+-------++-------
Melee: Short sword       |       |    13 |   123 |     7 ||   143
       Headbutt          |       |     1 |    40 |     3 ||    44
       Dagger            |       |       |    19 |       ||    19
       Bite              |       |       |       |     1 ||     1
 Fire: Shortbow          |    78 |   201 |   167 |       ||   446
       Arbalest          |       |     5 |    84 |   241 ||   330
Throw: Stone             |       |    42 |    31 |       ||    73
Invok: Slouch            |       |       |     2 |     3 ||     5
  Use: Scroll            |       |       |    10 |     9 ||    19
       Potion            |       |       |     5 |     4 ||     9
  Eat: Chunk             |       |     5 |     7 |    10 ||    22
       Pizza             |       |       |     1 |       ||     1
       Beef jerky        |       |       |     1 |       ||     1
       Meat ration       |       |       |       |     2 ||     2
Armor: Leather armour    |     2 |       |       |       ||     2
       Scale mail        |    13 |    38 |    88 |    67 ||   206
       Plate armour      |       |       |    46 |    19 ||    65
       Skin              |       |       |     2 |       ||     2
Dodge: Dodged            |    14 |    34 |   163 |   135 ||   346
